Unix NetHack Version 3.7.0-73 Work-in-progress - last build Feb 17 2023 02:16:44 (48fe2e8c4a70f1d2d5b622443eb9b5bc1b8d05f7,branch:master). Game began 2023-02-23 22:29:49, ended 2023-02-23 22:34:55. microlance, lawful female human Samurai ---- ----- |..-- ...-- |...| -<.| --- ...-- |-.-----.---...--- -- -..i......||.....--.-- |...|G....-||.........-- - |..----....--.............| --- |....G@G.....---- - ----.....G..-- |%.....%-- |.......| ---^...-- ------ Microlance the Ronin St:17 Dx:13 Co:17 In:11 Wi:9 Ch:8 Lawful S:506 Dlvl:3 $:46 HP:0(36) Pw:14(14) AC:3 Xp:4/90 T:986 Conf Latest messages: You are hit by an arrow. You are beginning to feel hungry. t - a blindfold. What do you want to eat? [fk or ?*] Ugh. Rotten egg. You hit the gnome. You kill the gnome! You see here an orange gem. v - an orange gem. You hear crashing rock. You are feeling mildly nauseated. You hit the gnome lord! The gnome lord hits! You miss the gnome lord. You feel slightly confused. You miss the gnome lord. The gnome lord misses! You kill the gnome lord! Welcome to experience level 4. The gnome hits! You can't seem to think straight. You miss the gnome. The gnome hits! The gnome picks up 6 rocks. The gnome hits! You feel incredibly sick. The gnome throws a dagger! You are hit by a dagger. You are about to vomit. You see here a dagger. The gnome throws a dagger! You are hit by a dagger. Are you sure you want to pray? [yn] (n) You begin praying to Amaterasu Omikami. You are surrounded by a shimmering light. The gnome wields a dagger! The gnome starts to attack you, but pulls back. You finish your prayer. You feel that Amaterasu Omikami is well-pleased. You see here 3 daggers. You vomit! The gnome thrusts his dagger. The gnome hits! The gnome picks up 2 daggers. You feel a bit steadier now. You can move again. You miss the gnome. The gnome thrusts his dagger. The gnome hits! You die... Inventory: Coins ('$') $ - 46 gold pieces Amulets ('"') j - an uncursed amulet of flying Weapons (')') o - 8 +0 arrows n - a cursed -1 arrow d - 25 +0 ya (in quiver) c - a +0 yumi (alternate weapon; not wielded) a - a +0 katana (weapon in hand) b - a +0 wakizashi Armor ('[') r - an uncursed +0 elven cloak (being worn) e - an uncursed rustproof +0 splint mail (being worn) Comestibles ('%') f - an uncursed gunyoki k - an uncursed egg Scrolls ('?') s - a cursed scroll of charging g - an uncursed scroll of confuse monster q - a cursed scroll of light Potions ('!') l - a blessed potion of paralysis Tools ('(') t - a cursed blindfold p - a cursed osaku Gems/Stones ('*') m - an uncursed fluorite stone v - an uncursed worthless piece of orange glass i - an uncursed worthless piece of violet glass Microlance the Samurai's attributes: Background: You were a Ronin, a level 4 female human Samurai. You were lawful, on a mission for Amaterasu Omikami who was opposed by Raijin (neutral) and Susanowo (chaotic). You were in the Gnomish Mines, on level 3. You entered the dungeon 986 turns ago. It was nighttime. You had 90 experience points, 70 more were needed to attain level 5. Your score was 506 before end-of-game adjustments. Basics: You had 0 out of 36 hit points. You had all 14 energy points (spell power). Your armor class was 3. Your wallet contained 46 zorkmids. Autopickup was on for '$?!"=/' plus thrown, with exceptions. Final Characteristics: Your strength was 17 (limit:18/100). Your dexterity was 13 (limit:18). Your constitution was 17 (limit:18). Your intelligence was 11 (limit:18). Your wisdom was 9 (limit:18). Your charisma was 8 (limit:18). Final Status: You were confused. You were not hungry. You were unencumbered. You were wielding a long sword. You had basic skill with long sword. Final Attributes: You were devoutly aligned. You were stealthy. You were warded. You were fast. You are dead. Miscellaneous: You disabled loading of bones levels. Total elapsed playing time was 5 minutes and 5 seconds. Major events: Turn 1: microlance the lawful female human Samurai entered the dungeon 433: entered the Gnomish Mines 833: attained the rank of Ronin (level 3) 986: killed by a gnome Vanquished creatures: a shrieker a gnome leader an acid blob 2 giant rats a red mold 4 gnomes 4 jackals 2 goblins 6 grid bugs a lichen a kobold zombie 3 newts 27 creatures vanquished. No species were genocided or became extinct. Voluntary challenges: You were illiterate. You never engraved Elbereth. You never genocided any monsters. You never polymorphed an object. You never changed form. You used no wishes. Achievements: You entered the Gnomish Mines. You attained the rank of Ronin. The Dungeons of Doom: levels 1 to 3 Level 1: A fountain. Level 2: Stairs down to The Gnomish Mines. Level 3: A fountain. The Gnomish Mines: Level 3: <- You were here. Final resting place for you, killed by a gnome. Game over: ---------- / \ / REST \ / IN \ / PEACE \ / \ | microlance | | 46 Au | | killed by a | | gnome | | | | | | 2023 | *| * * * | * _________)/\\_//(\/(/\)/\//\/|_)_______ Sayonara microlance the Samurai... You died in The Gnomish Mines on dungeon level 3 with 502 points, and 46 pieces of gold, after 986 moves. You were level 4 with a maximum of 36 hit points when you died.